 Dungeon Crawl Stone Soup version 0.27.0-1-g7a089689b8 (console) character file.

Game seed: 15524718982392904649

19 jejorda2 the Chiller (level 2, -3/16 HPs)
             Began as a Kobold Ice Elementalist on July 31, 2021.
             Slain by Sigmund (9 damage)
             ... on level 3 of the Dungeon.
             The game lasted 00:04:08 (1091 turns).

jejorda2 the Chiller (Kobold Ice Elementalist)      Turns: 1091, Time: 00:04:09

Health: -3/16      AC: 12    Str:  5    XL:     2   Next: 95%
Magic:  5/5        EV: 19    Int: 16    God:
Gold:   24         SH:  0    Dex: 15    Spells: 5/6 levels left

rFire    . . .     SeeInvis .   (weapon currently unavailable)
rCold    . . .     Faith    .   (shield currently unavailable)
rNeg     + + +     Spirit   .   (armour currently unavailable)
rPois    +         Reflect  .   (helmet currently unavailable)
rElec    .         Harm     .   (cloak currently unavailable)
rCorr    .         Rampage  .   (gloves currently unavailable)
Will     .....                  (boots currently unavailable)
Stlth    +++.......             (no amulet)
HPRegen  0.05/turn              (no ring)
MPRegen  0.09/turn              (no ring)

@: fungus-form (expiring)
A: melee confuse, terrified, no casting, tiny, no large weapons, nightstalker 3
a: no special abilities


You were on level 3 of the Dungeon.
You were a sentient fungus.
You visited 1 branch of the dungeon, and saw 3 of its levels.

You collected 24 gold pieces.

Inventory:

Hand Weapons
 a - a +0 dagger (melded)
 b - a +0 club
Armour
 g - a +0 robe (melded)
Potions
 e - a potion of cancellation {unknown}
 h - 2 potions of heal wounds
 i - a potion of berserk rage {unknown}
 j - a potion of lignification {unknown}


   Skills:
 + Level 1.5 Fighting
 + Level 0.4 Short Blades
 - Level 2.4 Dodging
 - Level 2.6 Stealth
 + Level 2.5 Spellcasting
 + Level 4.2 Ice Magic


You had 5 spell levels left.
You knew the following spells:

 Your Spells              Type           Power      Damage    Failure   Level
a - Freeze                Ice            60%        1d8       3%          1

Your spell library contained the following spells:

 Spells                   Type           Power      Damage    Failure   Level
 Frozen Ramparts          Ice            30%        1d5       11%         3
 Ozocubu's Armour         Ice            15%        N/A       11%         3
 Hailstorm                Conj/Ice       8%         3d4       63%         4


Dungeon Overview and Level Annotations

Branches:
Dungeon (2/15)

Altars:

Annotations:
D:3 Sigmund


Innate Abilities, Weirdness & Mutations

You are a sentient fungus.
You are tiny and evasive.
Your melee attack releases spores that confuse breathing creatures.
You become terrified and freeze when enemies are visible.
Your armour is entirely melded.
You are incapable of wielding weapons or throwing items.
You cannot cast spells.
You are small and have problems with some larger weapons.
You are completely attuned to the shadows.


Message History

h - 2 potions of heal wounds
As you read the scroll labelled REPYTH HITUFO, it crumbles to dust.
You feel aware of your surroundings.
You sensed 1 altar.
It was a scroll of magic mapping.
Sigmund zaps a wand.
You resist with significant effort. Sigmund gestures at you while chanting.
The puff of flame misses you.
Sigmund zaps a wand.
You turn into a sentient fungus.
Your +0 dagger melds into your body.
Your +0 robe melds into your body.
You're too terrified to move while being watched!
You're too terrified to move while being watched!
You're too terrified to move while being watched!
Sigmund casts a spell at you. You resist with significant effort.
The endoplasm quivers.
You're too terrified to move while being watched!
Sigmund casts a spell.
Sigmund flickers and vanishes!
Deactivating autopickup; reactivate with Ctrl-A.
You hear some strange, mumbled words.
You are confused.
Something closely misses you.
You hear a zap.
Something tries to affect you, but you resist.
The endoplasm misses you.
A magic dart appears from out of thin air!
The magic dart hits you!
A magic dart appears from out of thin air!
The magic dart hits you but does no damage.
The endoplasm hits you but does no damage.
You release spores at the endoplasm!
You kill the endoplasm!
You feel less confused. Something hits you.
Your transformation is almost over.
Something barely misses you. Something barely misses you.
You release spores at something!
Something hits you!
Ouch! That really hurt!
You die...

************ *,.....@...*
*,.........* *** *,.........#
**,, *,.........### **,,,
*,...........******,,,,
*,....{....#,,,,,,,,,,,
*,....f....#****,**,,,,
*,.........# *,**,,,,
*,.........# *,**,,,,
**##.####### *,***,,, #.*
*,**,,,, *,* *******,*,,*,,
***,*****,,,,,,,,,,,,,
**********,,,*,,,,,,,*,,,,,,,**
*,,,,,,,,,,***,,,,,,,*,*,*,,***


There were no monsters in sight!

Vanquished Creatures
  A bat (D:1)
  3 endoplasms
  4 goblins (D:1)
  A quokka (D:1)
  3 ball pythons (D:1)
  4 frilled lizards (D:1)
  2 rats (D:1)
18 creatures vanquished.

Vanquished Creatures (others)
  A goblin (D:3)
  A hobgoblin (D:3)
2 creatures vanquished.

Grand Total: 20 creatures vanquished

Notes
Turn   | Place    | Note
-------+----------+-------------------------------------------
     0 | D:1      | jejorda2 the Kobold Ice Elementalist began the quest for
                  | the Orb.
     0 | D:1      | Reached XP level 1. HP: 10/10 MP: 3/3
   245 | D:1      | Reached skill level 1 in Fighting
   245 | D:1      | Reached XP level 2. HP: 15/16 MP: 1/5
  1072 | D:2      | You fall into a shaft and drop 1 floor!
  1073 | D:3      | Noticed Sigmund
  1091 | D:3      | Slain by Sigmund

Illustrated notes

Levels and vault maps discovered:
D:1:      dpeg_arrival_tiny_f, layout_loops_ring, chequers_serial_rivers_small_3
D:2:      layout_rooms, shapermc_ecumenical_altar_flowoftime
D:3:      layout_rooms, xom_confusion_cloud, ebering_ghost_sewer_d, uniq_sigmund

Skill      XL: |  1 |
---------------+----+-----
Fighting       | 1 |  1.5
Short Blades   | |  0.4
Dodging        | |  2.4
Stealth        | |  2.6
Spellcasting   | |  2.5
Ice Magic      | |  4.2

Action                   || total
-------------------------++-------
Melee: Dagger            ||     5
       Unarmed           ||     2
 Cast: Freeze            ||    17
  Use: Scroll            ||     4
 Stab: Sleeping          ||     3
Armor: Robe              ||     3
       Skin              ||     2
Dodge: Dodged            ||    14
